AoeStats
← Le_Web

Arabia

510319734Analyzed
3v3 RM · 2d ago on Sep 30, 2026· 30m 4s· 6 players
Game mode
Random Map
Map size
Normal (6 player)
Population
200
Speed
Normal
Resources
Standard
Victory
Conquest
Starting age
Dark Age
Ending age
Imperial Age
RankedLock teamsTeams togetherTeam positionsShared explorationLock speedFull tech treeHidden civsTurbo modeCheats
Victory
Defeat
🇨🇱 Byzantines · Chile
843
+15
🇨🇳 Huns · China
832
+16
🇷🇴 Danes · Romania
774
+18
🇫🇷 Turks · France
872
-18
🇫🇷 Bohemians · France
828
-17
🇫🇷 Japanese · France
771
-14
Le_Web
10:17 Feudal Age
10:22 Man-at-Arms
10:57 Double-Bit Axe
11:05 Horse Collar
13:08 Scale Mail Armor
16:00 Forging
19:04 Wheelbarrow
24:09 Gold Mining
24:12 Stone Mining
25:22 Padded Archer Armor
25:13 Fletching
28:58 Castle Age
28:53 Arson
29:34 Scale Barding Armor
Cailloux
10:36 Feudal Age
11:09 Double-Bit Axe
12:49 Horse Collar
14:52 Forging
18:43 Wheelbarrow
19:16 Scale Barding Armor
23:30 Castle Age
23:57 Scale Mail Armor
24:29 Husbandry
23:54 Pikeman
25:05 Hand Cart
25:04 Bow Saw
24:55 Heavy Plow
25:22 Light Cavalry
a real manatee
10:44 Feudal Age
11:27 Double-Bit Axe
11:34 Arson
15:20 Horse Collar
19:03 Wheelbarrow
22:47 Castle Age
20:57 Gold Mining
21:03 Stone Mining
24:23 Scale Barding Armor
25:22 Bow Saw
26:01 Husbandry
26:07 Padded Archer Armor
25:59 Fletching
27:18 Hand Cart
31545054
1:24 Loom
12:29 Feudal Age
18:43 Castle Age
17:14 Bloodlines
18:16 Forging
18:12 Scale Barding Armor
19:26 Husbandry
20:48 Iron Casting
22:43 Chain Barding Armor
GENERALisimo32
2:58 Loom
12:14 Feudal Age
15:36 Wheelbarrow
15:09 Double-Bit Axe
15:46 Horse Collar
22:42 Castle Age
24:01 Bow Saw
23:53 Heavy Plow
24:59 Fletching
28:53 Stone Mining
29:48 Gold Mining
CeramicGoose42
5:19 Loom
13:20 Feudal Age
13:23 Man-at-Arms
15:06 Town Watch
17:10 Wheelbarrow
19:31 Forging
19:21 Scale Mail Armor
20:14 Scale Mail Armor
23:00 Double-Bit Axe
23:01 Horse Collar
23:54 Arson
28:46 Castle Age
30:06 Iron Casting
29:46 Chain Mail Armor
29:35 Long Swordsman
Connection lost

Rejoining the realm…

Still unreachable

The connection could not be restored.

Session expired

The server has moved on; the page needs a fresh start.